 Dungeon Crawl Stone Soup version 0.31-a0-507-gbafd7f5274 (webtiles) character file.

Game seed: 207374510066074889

194 oldmanjim the Changeling (level 5, -2/38 HPs)
             Began as a Merfolk Shapeshifter on Aug 9, 2023.
             Was an Initiate of Trog.
             Slain by a gnoll bouda
             ... wielding a +0 club
              (10 damage)
             ... on level 3 of the Dungeon.
             The game lasted 00:08:43 (3200 turns).

oldmanjim the Changeling (Merfolk Shapeshifter)     Turns: 3200, Time: 00:08:44

Health: -2/38      AC:  2    Str: 18    XL:     5   Next: 73%
Magic:  5/5        EV: 15    Int:  7    God:    Trog [......]
Gold:   191        SH:  0    Dex: 20    Spells: 4/4 levels left

rFire   . .          .
                       - Unarmed
rCold   . . .        (no shield)
rNeg    . . .        a - +0 animal skin
rPois   .            (helmet currently unavailable)
rElec   .            (cloak currently unavailable)
rCorr   .            (gloves currently unavailable)
SInv    .            (boots currently unavailable)
Will    .....        (no amulet)
Stlth   ++           i - +6 ring of dexterity
HPRegen 0.26/turn    (no ring)
MPRegen 0.09/turn

%: no passive effects
@: beast-form, weakened
A: beast (slay +3), (nimble swimmer 2), mertail
a: Begin Untransformation, Renounce Religion


You were on level 3 of the Dungeon.
You worshipped Trog.
Trog was noncommittal.
You were a hulking beast.
You visited 1 branch of the dungeon, and saw 4 of its levels.

You collected 191 gold pieces.

Inventory:

Missiles
 f - 20 stones (quivered)
Armour
 a - a +0 animal skin (worn)
 n - a +0 pair of gloves
 q - a +1 cloak
Jewellery
 i - a +6 ring of dexterity (left hand)
Talismans
 c - a beast talisman (active)
 d - a flux talisman
Scrolls
 e - a scroll of fear
 l - a scroll of fog {unknown}
 o - a scroll of vulnerability {unknown}
 r - a scroll of identify {unknown}
 s - a scroll of butterflies
Potions
 b - 2 potions of lignification
 g - 2 potions of curing {unknown}
 h - a potion of degeneration {unknown}
 j - a potion of brilliance {unknown}
 k - 3 potions of heal wounds {unknown}
 m - a potion of magic {unknown}
 p - a potion of mutation {unknown}


   Skills:
 + Level 2.1 Fighting
 + Level 4.7 Dodging
 + Level 4.6 Unarmed Combat
 + Level 5.1 Shapeshifting


You had 4 spell levels left.
You didn't know any spells.
Your spell library contained the following spells:

 Spells                   Type           Power      Damage    Failure   Level
 Cigotuvi's Dreadful Rot  Necr/Pois/Air  0%         N/A       56%         2
 Ignite Poison            Fire/Tmut/Pois 0%         N/A       80%         3
 Freezing Cloud           Conj/Ice/Air   0%         6-21      100%        5


Dungeon Overview and Level Annotations

Branches:
Dungeon (4/15)
 Temple: D:4-7

Altars:
Fedhas
Trog

Annotations:
D:4 Sigmund


Innate Abilities, Weirdness & Mutations

You are a hulking beast.
Your limbs bulge with bestial killing power. (Slay +3)
((You are very nimble when in or above water. (Stealth+, EV+, Speed+++)))
Your lower body shifts to a powerful aquatic tail in water.


Message History

The gnoll bouda closely misses you.
You hit the gnoll bouda but do no damage.
You punch the gnoll bouda.
The gnoll bouda is severely wounded.
The gnoll bouda gazes fiercely through you!
You feel as though you will be weak longer.
The gnoll bouda barely misses you.
You barely miss the gnoll bouda.
The gnoll bouda is severely wounded.
The gnoll bouda hits you with a +0 club.
You hit the gnoll bouda.
The gnoll bouda is severely wounded.
The gnoll bouda completely misses you.
You hit the gnoll bouda but do no damage.
The gnoll bouda is severely wounded.
The gnoll bouda gazes fiercely through you!
You feel as though you will be weak longer.
The gnoll bouda hits you with a +0 club!
* * * LOW HITPOINT WARNING * * *
You hit the gnoll bouda but do no damage.
The gnoll bouda is severely wounded.
The gnoll bouda gazes fiercely through you!
You feel as though you will be weak longer.
The gnoll bouda closely misses you.
You hit the gnoll bouda.
The gnoll bouda is almost dead.
You hit the gnoll bouda but do no damage.
The gnoll bouda is almost dead.
The gnoll bouda misses you.
You barely miss the gnoll bouda.
The gnoll bouda is almost dead.
The gnoll bouda barely misses you.
You hit the gnoll bouda.
The gnoll bouda is almost dead.
The gnoll bouda hits you with a +0 club.
* * * LOW HITPOINT WARNING * * *
You barely miss the gnoll bouda.
The gnoll bouda is almost dead.
The gnoll bouda hits you with a +0 club!
You die...

##########
#........#
#.######.#
#.##.....# #
#)##.....#########
#h................
#g)........######.
###...##.#....# #.
##...#.####.# #.
##....# #.# #.
#.#).## #.# #. ###
#.#...# #.###. #.#
#.##..# #..##. #.#
#.##..####....


You could see a gnoll bouda.

Vanquished Creatures
  A hound (D:4)
  A jelly (D:4)
  3 gnolls (D:3)
  5 adders
  A worm (D:3)
  4 dart slugs
  An orc (D:4)
  3 endoplasms
  4 giant cockroaches
  5 hobgoblins
  3 jackals (D:2)
  3 quokkas (D:1)
  A ball python (D:3)
  4 bats
  A frilled lizard (D:1)
  4 goblins
  4 kobolds
  6 rats
54 creatures vanquished.

Notes
Turn   | Place    | Note
-------+----------+-------------------------------------------
     0 | D:1      | oldmanjim the Merfolk Shapeshifter began the quest for the
                  | Orb.
     0 | D:1      | Reached XP level 1. HP: 15/15 MP: 1/1
   311 | D:1      | Reached XP level 2. HP: 21/21 MP: 2/2
   870 | D:2      | Reached XP level 3. HP: 27/27 MP: 3/3
  1261 | D:2      | Found a blossoming altar of Fedhas.
  1906 | D:3      | Found a bloodstained altar of Trog.
  1911 | D:3      | Became a worshipper of Trog the Wrathful
  2026 | D:3      | Reached XP level 4. HP: 29/33 MP: 4/4
  2708 | D:4      | Reached XP level 5. HP: 22/38 MP: 5/5
  2711 | D:4      | Reached skill level 5 in Shapeshifting
  2837 | D:4      | Noticed Sigmund
  2942 | D:3      | HP: 1/38 [gnoll/+0 club[a gnoll bouda] (7)]
  3200 | D:3      | Slain by a gnoll bouda

Illustrated notes

Levels and vault maps discovered:
D:1:      onia_arrival_pyramid, layout_basic, hangedman_decor_growths,
          fountainhead, columned_hall_lemuel, minmay_stone_trees_small
D:2:      layout_basic, basic_altar, minivault_5
D:3:      layout_basic, bloody_trog
D:4:      minmay_evil_eye, layout_rooms, eat_drink_and_be_merry_uskayaw,
          minmay_temple_entry_antechambers, minmay_misc_feat_secret_circle,
          minmay_misc_feat_room, kennysheep_orc_chapel, uniq_edmund,
          uniq_grinder, uniq_sigmund, uniq_pikel

Skill      XL: |  1  2  3  4  5 |
---------------+----------------+-----
Dodging        | 3 4 |  4.7
Fighting       | 2 |  2.1
Unarmed Combat | 4 |  4.6
Shapeshifting  | 5 |  5.1

Action                     |  1- 3 |  4- 6 || total
---------------------------+-------+-------++-------
  Melee: Unarmed           |    95 |    89 ||   184
         Punch             |     3 |     3 ||     6
  Throw: Stone             |       |     4 ||     4
    Use: Scroll            |       |     2 ||     2
   Stab: Sleeping          |     1 |     2 ||     3
 Armour: Animal skin       |     7 |     5 ||    12
  Dodge: Dodged            |    53 |    49 ||   102

Table legend: (Time is in decaauts)
 A = Elapsed time spent in this place.
 B = Non-inter-level travel time spent in this place.
 C = Inter-level travel time spent in this place.
 D = Time resting spent in this place.
 E = Time spent auto-exploring this place.
 F = Levels seen in this place.
 G = Mean time per level.
                   A        B        C        D        E       F      G
               +--------+--------+--------+--------+--------+-----+--------+
         Total |   3186 |   2980 |    206 |    263 |   2299 |   4 |  796.5 |
       Dungeon |   3186 |   2980 |    206 |    263 |   2299 |   4 |  796.5 |
               +--------+--------+--------+--------+--------+-----+--------+

Top non-repeatable levels by time:
     D:3: 1107 daAuts
     D:2: 1049 daAuts
     D:1: 847 daAuts
     D:4: 182 daAuts
